 Dungeon Crawl Stone Soup version 0.30-a0-371-gad7725a93e (webtiles) character file.

Game seed: 16262422409619026689

23431 pokeman the Eclecticist (level 12, -3/67 HPs)
             Began as a Deep Elf Hedge Wizard on Nov 15, 2022.
             Was an Elder of Vehumet.
             Hit by a silver javelin thrown by a minotaur (7 damage)
             ... in a Gauntlet on Nov 21, 2022.
             The game lasted 00:53:17 (17258 turns).

pokeman the Eclecticist (Deep Elf Hedge Wizard)    Turns: 17258, Time: 00:53:18

Health: -3/67      AC: 13    Str:  7    XL:     12   Next: 71%
Magic:  36/42      EV: 10    Int: 31    God:    Vehumet [****..]
Gold:   1710       SH:  5    Dex: 14    Spells: 24/47 levels left

rFire   . . .      SeeInvis .    a - +6 Majin-Bo {vamp, MP+6 Int+6}
rCold   . . .      Faith    .    (shield currently unavailable)
rNeg    . . .      Spirit   .    X - +0 swamp dragon scales
rPois   +          Reflect  +    r - +0 helmet
rElec   .          Harm     .    v - +1 cloak {rCorr}
rCorr   +          Rampage  .    N - +0 pair of gloves {infuse}
Will    +....      NoTele   +    m - +0 pair of boots {Stlth+}
Stlth   +.........               H - amulet of reflection
HPRegen 0.31/turn                F - ring of wizardry
MPRegen 0.28/turn                C - +4 ring of slaying

@: glowing
A: no striking features
a: Renounce Religion


You were in a Gauntlet.
You worshipped Vehumet.
Vehumet was greatly pleased with you.
You visited 2 branches of the dungeon, and saw 13 of its levels.
You also visited: Ossuary, Bailey and Gauntlet.

You collected 1934 gold pieces.
You spent 224 gold pieces at shops.

Inventory:

Hand Weapons
 a - the +6 Majin-Bo (weapon) {vamp, MP+6 Int+6}
   (You acquired it in the Ecumenical Temple)

   It heals its wielder for a portion of the damage dealt when they wound a
   living foe with it or with a spell.
   Its wielder's spells cost health as well as magical power.
   Int:       It affects your intelligence (+6).
   MP:        It affects your magic capacity (+6).
 z - the +6 spear "Pevoqexkixu" {protect, rPois rC+ Dex-3 SInv}
   (You bought it in a shop on level 4 of the Dungeon)

   It grants its wielder temporary protection when it strikes (+7 to AC).
   Dex:       It affects your dexterity (-3).
   rC:        It protects you from cold.
   rPois:     It protects you from poison.
   SInv:      It lets you see invisible.
Missiles
 w - 12 throwing nets
Armour
 g - a +1 troll leather armour {Snorg}
 h - a +2 robe of cold resistance
 m - a +0 pair of boots of stealth (worn)
 r - a +0 helmet (worn)
 v - a +1 cloak of preservation (worn)
 E - a +0 buckler
 N - a +0 pair of gloves of infusion (worn)
 X - +0 swamp dragon scales (worn)
Magical Staves
 n - a staff of death
Jewellery
 p - the amulet of the Slimy Rambutan {RegenMP Harm rPois rF+ Slay+6}
   (You found it in a Gauntlet)

   [amulet of magic regeneration]

   It increases your rate of magic regeneration.
   Slay:      It affects your accuracy & damage with ranged weapons and melee
   (+6).
   rF:        It protects you from fire.
   rPois:     It protects you from poison.
   Harm:      It increases damage dealt and taken.
 C - a +4 ring of slaying (right hand)
 F - a ring of wizardry (left hand)
 H - an amulet of reflection (around neck)
 R - a ring of ice
Wands
 U - a wand of iceblast (7)
Scrolls
 b - a scroll of magic mapping
 j - a scroll of fear {unknown}
 l - a scroll of identify
 s - 7 scrolls of teleportation
 u - a scroll of blinking
Potions
 c - a potion of might
 d - 3 potions of magic
 e - 2 potions of brilliance
 f - a potion of resistance {unknown}
 i - 4 potions of haste
 k - 5 potions of flight
 o - 4 potions of heal wounds
 I - 3 potions of invisibility {unknown}
 O - 6 potions of curing


   Skills:
 + Level 4.6 Fighting
 - Level 4.0 Armour
 - Level 3.0 Dodging
 - Level 3.0 Stealth
 - Level 5.0 Shields
 * Level 18.1 Spellcasting
 + Level 10.8 Conjurations
 - Level 1.1 Summonings
 - Level 1.0 Necromancy
 - Level 1.1 Translocations
 + Level 9.3 Fire Magic
 - Level 1.2 Air Magic
 - Level 1.0 Earth Magic
 - Level 1.0 Poison Magic
 - Level 1.0 Evocations


You had 24 spell levels left.
You knew the following spells:

 Your Spells              Type           Power      Damage    Failure   Level
a - Magic Dart            Conj           100%       1d8       1%          1
b - Mephitic Cloud        Conj/Pois/Air  53%        N/A       1%          3
c - Call Imp              Summ           34%        N/A       1%          2
d - Blink                 Tloc           68%        N/A       1%          2
e - Foxfire               Conj/Fire      100%       2x1d9     1%          1
f - Stone Arrow           Conj/Erth      100%       3d13      1%          3
g - Ignition              Fire           36%        3d11      47%         8
h - Swiftness             Air            35%        N/A       3%          3

Your spell library contained the following spells:

 Spells                   Type           Power      Damage    Failure   Level
 Ozocubu's Refrigeration  Ice            14%        4d10      94%         7
 Apportation              Tloc           68%        N/A       1%          1
 Beastly Appendage        Tmut           56%        N/A       1%          1
 Necrotise                Necr           100%       1d9       1%          1
 Slow                     Hex            100%       N/A       1%          1
 Summon Small Mammal      Summ           100%       N/A       1%          1
 Cigotuvi's Dreadful Rot  Necr/Pois/Air  68%        N/A       1%          2
 Searing Ray              Conj           100%       2d8       1%          2
 Ignite Poison            Fire/Tmut/Pois 49%        N/A       1%          3
 Fulminant Prism          Conj/Hex       29%        3d14      1%          4
 Sticky Flame             Conj/Fire      74%        2d9       1%          4
 Ensorcelled Hibernation  Hex/Ice        56%        N/A       2%          2
 Passwall                 Tmut/Erth      25%        N/A       2%          2
 Wereblood                Tmut           28%        N/A       2%          2
 Gell's Gravitas          Tloc           34%        N/A       3%          3
 Lesser Beckoning         Tloc           68%        N/A       3%          3
 Teleport Other           Tloc           34%        N/A       3%          3
 Portal Projectile        Hex/Tloc       62%        N/A       4%          3
 Spider Form              Tmut/Pois      31%        N/A       4%          3
 Tukima's Dance           Hex            28%        N/A       5%          3
 Animate Armour           Summ/Erth      68%        N/A       12%         4
 Alistair's Intoxication  Tmut/Pois      20%        N/A       36%         5
 Blade Hands              Tmut           14%        N/A       43%         5
 Lehudib's Crystal Spear  Conj/Erth      30%        10d8      87%         8


Dungeon Overview and Level Annotations

Branches:
Dungeon (12/15)            Temple (1/1) D:7            Lair (0/5) D:8
    Orc (0/2) D:12        Ossuary (visited)          Bailey (visited)
Gauntlet (1/1)

Altars:
Ashenzari
Cheibriados
Dithmenos
Elyvilon
Fedhas
Hepliaklqana
Kikubaaqudgha
Makhleb
Nemelex Xobeh
Qazlal
Ru
Sif Muna
Trog
Uskayaw
Vehumet
Xom
Yredelemnul
The Shining One

Shops:
D:3 (   D:4 (   D:7 ((   D:9 [   D:10 :

Annotations:
Gauntlet 6 transporters, 1 runed translucent door


Message History

Vehumet accepts your kill.
You feel your power returning.
Unknown command.
You see here a staff of death.
n - a staff of death
p - the amulet of the Slimy Rambutan {RegenMP Harm rPois rF+ Slay+6}
There is a transporter here.
s - 7 scrolls of teleportation (gained 1) Partly explored, unvisited transporter.
There is a transporter here.
Okay, then.
Unknown command.
You enter the transporter and appear at another place.
As you open the door, it creaks loudly!
A minotaur comes into view.
It is wielding the +10 morningstar "Eos" {elec, Halo rElec} and quivering silver javelins.
Found a runed rapier.
Found a gate leading back out of this place.
The minotaur throws a silver javelin.
The silver javelin pierces through you!!
Casting: Stone Arrow (safe; 1% risk of failure)
Confirm with . or Enter, or press ? or * to list all spells.
Aiming: Mephitic Cloud (safe; 1% risk of failure)
Press: ? - help, Shift-Dir - straight line, f - minotaur
Aim: a minotaur, wielding the +10 morningstar "Eos" {elec, Halo rElec}, wearing a +0 plate armour and quivering silver javelins (haloed, chance to affect: 34%)
The ball explodes into a vile cloud!
The stinking cloud engulfs the minotaur but does no damage.
The minotaur is engulfed in noxious fumes.
Unknown command.
Casting: Mephitic Cloud (safe; 1% risk of failure)
Confirm with . or Enter, or press ? or * to list all spells.
Aiming: Stone Arrow (safe; 1% risk of failure)
Press: ? - help, Shift-Dir - straight line, f/p - minotaur
Aim: a minotaur, wielding the +10 morningstar "Eos" {elec, Halo rElec}, wearing a +0 plate armour and quivering silver javelins (noxious fumes, haloed, 92% to hit)
The stone arrow hits the minotaur!
You feel better.
The minotaur is lightly wounded.
The minotaur is engulfed in noxious fumes.
The minotaur throws a silver javelin.
The silver javelin pierces through you!!
* * * LOW HITPOINT WARNING * * *
You die...

##
#################
##
................
.⌠.⌠.⌠.©.©.⌠.⌠.⌠
................
####.###.###.###
###.###.###.###
#.............#
#.###.###.###.#
#......@......#
#######'#######
#.# .§H +⌠.☼
#..○§ #.⌠..
##+###


You could see a minotaur.

Vanquished Creatures
  Snorg (D:11)
  A great orb of eyes (Gauntlet)
  Harold (D:9)
  Erica (D:10)
  2 two-headed ogres
  A flayed ghost (D:8)
  A deep elf pyromancer (D:12)
  2 ugly things (Gauntlet)
  A cyclops (D:11)
  A moth of wrath (Gauntlet)
  A gargoyle (D:6)
  Joseph (D:7)
  Maggie (D:10)
  An efreet (D:7)
  2 hornets
  A raiju (Gauntlet)
  2 shadows
  A vampire (D:11)
  3 wyverns
  8 wraiths
  14 fire bats (D:8)
  20 yaks
  Grum (D:10)
  3 steam dragons
  4 vampire mosquitoes (D:11)
  An acid dragon (D:11)
  4 water moccasins
  2 black bears
  3 ice beasts
  10 orc warriors
  3 sky beasts
  2 ogres (D:7)
  6 wolves
  4 centaurs
  2 phantoms
  3 bullfrogs
  3 kobold brigands
  Blork the orc (D:4)
  2 elf zombies (D:8)
  7 gnoll sergeants
  2 necrophages
  5 scorpions
  A wight (D:7)
  2 elf skeletons (D:8)
  Dowan (D:4)
  13 killer bees
  A howler monkey (D:8)
  10 hounds
  5 jellies
  Crazy Yiuf (D:3)
  3 gnoll boudas (D:9)
  3 orc priests
  2 human zombies (D:8)
  6 iguanas
  2 human skeletons (D:8)
  Natasha (thrice) (D:2)
  14 orc wizards
  3 mummies (Ossuary)
  53 gnolls
  7 adders
  2 white imps (D:6)
  An ufetubus (D:5)
  3 worms
  2 dart slugs
  40 orcs
  6 endoplasms
  2 giant cockroaches
  4 goblins
  5 hobgoblins
  12 jackals
  17 kobolds
  5 quokkas
  6 ball pythons
  67 bats
  5 frilled lizards
  3 goblin zombies (Ossuary)
  3 hobgoblin zombies (Ossuary)
  A kobold zombie (Ossuary)
  2 orc skeletons (D:8)
  An orc zombie (D:8)
  6 rats
458 creatures vanquished.

Vanquished Creatures (collateral kills)
  Duvessa (D:4)
  A killer bee (D:7)
  A worm (D:2)
  An endoplasm (D:2)
4 creatures vanquished.

Vanquished Creatures (others)
  A shadow (D:7)
  2 orcs
  391 foxfires
  4 fungi (D:8)
  2 plants (D:8)
400 creatures vanquished.

Grand Total: 862 creatures vanquished

Notes
Turn   | Place    | Note
-------+----------+-------------------------------------------
     0 | D:1      | pokeman the Deep Elf Hedge Wizard began the quest for the
                  | Orb.
     0 | D:1      | Reached XP level 1. HP: 10/10 MP: 7/7
    57 | D:1      | Upgraded the game from 0.30-a0-364-gf6b3ef1049 to
                  | 0.30-a0-371-gad7725a93e
   541 | D:1      | Reached XP level 2. HP: 16/16 MP: 3/9
   974 | D:2      | Identified the +8 chain mail "Fazoogim" {rPois rF+++ Int-4
                  | Slay+2}
  1034 | D:2      | Reached skill level 5 in Spellcasting
  1034 | D:2      | Reached XP level 3. HP: 19/20 MP: 4/11
  1038 | D:2      | Learned a level 3 spell: Mephitic Cloud
  1041 | D:2      | Learned a level 2 spell: Call Imp
  1044 | D:2      | Learned a level 2 spell: Blink
  1216 | D:2      | Reached skill level 1 in Fighting
  1353 | D:2      | Reached skill level 1 in Armour
  1580 | D:2      | Reached XP level 4. HP: 25/25 MP: 2/13
  1665 | D:2      | Noticed Natasha
  1670 | D:2      | Killed Natasha
  1719 | D:2      | Noticed Natasha
  1813 | D:2      | Killed Natasha
  1819 | D:2      | Noticed Natasha
  1883 | D:2      | Killed Natasha
  1884 | D:2      | Reached skill level 6 in Spellcasting
  1884 | D:2      | Reached XP level 5. HP: 18/29 MP: 6/15
  2649 | D:3      | Found a runed translucent door.
  2650 | D:3      | Noticed Crazy Yiuf
  2931 | D:3      | Found Xeanarphuca's Antique Weapon Shoppe.
  3447 | D:3      | Killed Crazy Yiuf
  3448 | D:3      | Reached skill level 1 in Poison Magic
  3597 | D:4      | Found Canemowo's Antique Weapon Emporium.
  3616 | D:4      | Noticed a black bear
  3622 | D:4      | Killed a black bear
  3623 | D:4      | Reached skill level 1 in Air Magic
  3623 | D:4      | Reached XP level 6. HP: 30/34 MP: 8/17
  3721 | D:4      | Reached skill level 7 in Spellcasting
  4000 | D:4      | Noticed Dowan
  4001 | D:4      | Noticed Duvessa
  4012 | D:4      | Killed Dowan
  4039 | D:4      | Killed Duvessa
  4040 | D:4      | Reached XP level 7. HP: 33/40 MP: 10/20
  4215 | D:4      | Found a basalt altar of Yredelemnul.
  4308 | D:4      | Found an ancient bone altar of Kikubaaqudgha.
  4587 | D:4      | Noticed Blork the orc
  4609 | D:4      | Killed Blork the orc
  4610 | D:4      | Reached skill level 8 in Spellcasting
  4894 | D:5      | Entered Level 5 of the Dungeon
  4905 | D:5      | Reached skill level 1 in Evocations
  5029 | D:4      | Bought a scorched spear for 224 gold pieces
  5029 | D:4      | Identified the +6 spear "Pevoqexkixu" {protect, rPois rC+
                  | Dex-3 SInv} (You bought it in a shop on level 4 of the
                  | Dungeon)
  5291 | D:5      | Reached skill level 9 in Spellcasting
  5362 | D:5      | Reached XP level 8. HP: 33/44 MP: 1/23
  5532 | D:5      | Reached skill level 5 in Conjurations
  5803 | D:5      | Reached skill level 10 in Spellcasting
  5915 | D:5      | Learned a level 3 spell: Stone Arrow
  6436 | D:6      | Reached skill level 1 in Earth Magic
  6445 | D:6      | Learned a level 8 spell: Ignition
  6691 | D:6      | Reached skill level 1 in Fire Magic
  6746 | D:6      | Reached skill level 11 in Spellcasting
  6785 | D:6      | Noticed a gargoyle
  6791 | D:6      | Killed a gargoyle
  6792 | D:6      | Reached XP level 9. HP: 35/48 MP: 8/26
  6874 | D:6      | Noticed a two-headed ogre
  6880 | D:6      | Killed a two-headed ogre
  7041 | D:6      | Reached skill level 12 in Spellcasting
  7619 | D:7      | Noticed Joseph
  7619 | D:7      | Found a sparkling altar of Nemelex Xobeh.
  7634 | D:7      | Reached skill level 1 in Shields
  7933 | D:7      | Found a staircase to the Ecumenical Temple.
  7935 | D:7      | Reached XP level 10. HP: 39/53 MP: 3/28
  7938 | D:7      | Reached skill level 13 in Spellcasting
  8071 | D:7      | Found Sezapt's Weapon Boutique.
  8075 | Temple   | Entered the Ecumenical Temple
  8113 | Temple   | Became a worshipper of Vehumet
  8210 | D:7      | Found a white marble altar of Elyvilon.
  8212 | D:7      | Found a burning altar of Makhleb.
  8347 | D:7      | Killed Joseph
  8509 | D:7      | Reached skill level 5 in Fire Magic
  9325 | D:7      | Found Heoshrass's Weapon Shop.
  9503 | D:8      | Found a staircase to the Lair.
  9516 | D:8      | Found a flagged portal.
  9525 | Bailey   | Entered a bailey
  9594 | Bailey   | Reached skill level 14 in Spellcasting
  9655 | Bailey   | Reached * piety under Vehumet
  9655 | Bailey   | Offered knowledge of Foxfire by Vehumet.
  9658 | Bailey   | Learned a level 1 spell: Foxfire
  9774 | Bailey   | Identified the ring of Light {rN+ Str+3 Dex+2}
  9776 | Bailey   | Identified the +4 shadow dragon scales of the Dice {rC-
                  | Dex+10 Stlth++++}
 10096 | D:8      | Found a sand-covered staircase.
 10104 | Ossuary  | Entered an ossuary
 11162 | D:8      | Offered knowledge of Shock by Vehumet.
 11166 | D:8      | Reached ** piety under Vehumet
 11760 | D:8      | Found a runed translucent door.
 11786 | D:8      | Found a stormy altar of Qazlal.
 11789 | D:8      | Reached XP level 11. HP: 39/57 MP: 19/31
 11808 | D:8      | Reached skill level 15 in Spellcasting
 11987 | D:8      | Found a shimmering altar of Xom.
 12040 | D:8      | Found a hazy altar of Hepliaklqana.
 12053 | D:8      | Offered knowledge of Scorch by Vehumet.
 12120 | D:8      | Found a bloodstained altar of Trog.
 12181 | D:8      | Found a broken altar of Ashenzari.
 12184 | D:8      | Reached *** piety under Vehumet
 12251 | D:8      | Found a shimmering blue altar of Sif Muna.
 12600 | D:8      | Offered knowledge of Kindle Blastsparks by Vehumet.
 12761 | D:8      | Noticed a flayed ghost
 12761 | D:8      | Found the brooch of Shielding {Spirit SH+8}
 12769 | D:8      | Killed a flayed ghost
 13084 | D:9      | Reached **** piety under Vehumet
 13147 | D:9      | Noticed a two-headed ogre
 13150 | D:9      | Offered knowledge of Flame Wave by Vehumet.
 13154 | D:9      | Killed a two-headed ogre
 13155 | D:9      | Reached skill level 16 in Spellcasting
 13280 | D:9      | Reached skill level 5 in Shields
 13466 | D:9      | Noticed Harold
 13473 | D:9      | Killed Harold
 13847 | D:9      | Found Fuwest's Antique Armour Emporium.
 13970 | D:9      | Reached ***** piety under Vehumet
 13970 | D:9      | Offered knowledge of Ozocubu's Refrigeration by Vehumet.
 14018 | D:9      | Learned a level 3 spell: Swiftness
 14371 | D:10     | Entered Level 10 of the Dungeon
 14452 | D:10     | Reached XP level 12. HP: 59/64 MP: 30/34
 14525 | D:10     | Found Bomufipe's Book Emporium.
 14645 | D:10     | Found a glowing golden altar of the Shining One.
 14663 | D:10     | Noticed Grum
 14666 | D:10     | Killed Grum
 14892 | D:10     | Noticed Maggie
 14903 | D:10     | Killed Maggie
 14904 | D:10     | Reached skill level 10 in Conjurations
 14904 | D:10     | Reached skill level 1 in Necromancy
 15205 | D:10     | Noticed Erica
 15211 | D:10     | Killed Erica
 15460 | Temple   | Identified 3 scrolls of acquirement
 15478 | Temple   | Acquired 755 gold pieces
 15480 | Temple   | Acquired 492 gold pieces
 15482 | Temple   | Acquired the +6 Majin-Bo {vamp, MP+6 Int+6}
 15482 | Temple   | Found the +6 Majin-Bo {vamp, MP+6 Int+6}
 15650 | D:11     | Reached skill level 17 in Spellcasting
 16198 | D:11     | Noticed Snorg
 16210 | D:11     | Killed Snorg
 16434 | D:11     | Found a shimmering altar of Xom.
 16499 | D:11     | Identified the +12 short sword "Seemaomatz" {antimagic,
                  | Dex+3}
 16708 | D:12     | Found a gate leading to a gauntlet.
 16722 | Gauntlet | Entered a Gauntlet
 16722 | Gauntlet | Found a transporter.
 16722 | Gauntlet | Found a transporter.
 16722 | Gauntlet | Found a runed translucent gate.
 16781 | Gauntlet | Found a runed translucent gate.
 16786 | Gauntlet | Found a runed translucent gate.
 16793 | Gauntlet | Found a transporter.
 16797 | Gauntlet | Found a transporter.
 16800 | Gauntlet | Noticed a death scarab
 16805 | Gauntlet | Found a runed translucent door.
 16808 | Gauntlet | Found a transporter.
 16810 | Gauntlet | Found a transporter.
 16812 | Gauntlet | Noticed a death yak
 16812 | Gauntlet | Noticed a death yak
 16813 | Gauntlet | Noticed a death yak
 16813 | Gauntlet | Noticed a death yak
 16818 | Gauntlet | Found a transporter.
 16831 | Gauntlet | Noticed a great orb of eyes
 16834 | Gauntlet | Found a transporter.
 16848 | Gauntlet | Found a transporter.
 16852 | Gauntlet | Found a transporter.
 16860 | Gauntlet | Found a transporter.
 16864 | Gauntlet | Found a transporter.
 17092 | Gauntlet | Identified the amulet of the Slimy Rambutan {RegenMP Harm
                  | rPois rF+ Slay+6}
 17108 | Gauntlet | Killed a great orb of eyes
 17109 | Gauntlet | Reached skill level 18 in Spellcasting
 17256 | Gauntlet | Noticed a minotaur
 17258 | Gauntlet | Hit by a silver javelin thrown by a minotaur

Illustrated notes

Levels and vault maps discovered:
D:1:      nicolae_arrival_memento_mori, layout_loops_cross
D:2:      layout_rooms, uniq_natasha
D:3:      layout_loops_ring, serial_shops, nicolae_lakefront_shop,
          solitary_fountain, uniq_crazy_yiuf_cottage
D:4:      layout_loops_corners, lemuel_coloured_pillars_altar,
          kiku_gazebo_pond_becter, serial_shops, nicolae_stop_n_shop_2,
          uniq_blork_the_orc, uniq_duvessa
D:5:      minmay_opposing_rooms, layout_rooms, nicolae_eternal_life
D:6:      layout_basic, hangedman_minor_gate_pass
D:7:      nzn_winding_woodlands_medium [nzn_winding_woodlands_5x5_cross,
          nzn_winding_woodlands_5x15_jagged, nzn_winding_woodlands_hourglass,
          nzn_winding_woodlands_5x5_checkerboard,
          nzn_winding_woodlands_center_diamonds,
          nzn_winding_woodlands_5x5_open_star,
          nzn_winding_woodlands_5x5_default, nzn_winding_woodlands_5x15_parted,
          nzn_winding_woodlands_5x5_default], layout_loops_ring,
          nicolae_overflow_hidden_temple, mainiacjoe_overflow_catwalk,
          minmay_temple_entry_drinking_statues, serial_shops, shop,
          nicolae_take_the_stairs, uniq_joseph
D:8:      due_megacathedral, layout_basic, dpeg_oklobed_lair,
          serial_co_window_serial, co_window_paths_a, co_window_corner_a,
          co_window_paths_a, co_window_corner_a, co_window_paths_a,
          co_window_of_opportunity_b, co_window_paths_c, co_window_corner_b,
          co_window_broadway_b, co_window_paths_e, co_window_4corner_a,
          glass_columns_a, glass_columns_b, glass_columns_c,
          nicolae_ossuary_entry_catacombs, enter_bailey_6
D:9:      layout_big_octagon, serial_gnoll_camp, gnoll_camp_mini_shop,
          gnoll_camp_mini_hut, gnoll_camp_mini_hut, gnoll_camp_mini_loothouse,
          gnoll_camp_huts_moat, gnoll_camp_mini_basic, uniq_harold
D:10:     layout_basic, mainiacjoe_overflow_cross_hatched, serial_shops, shop,
          uniq_maggie, uniq_erica, uniq_grum
D:11:     layout_stronghold, xom_teletrap_fun, uniq_snorg
D:12:     layout_loops_ring, kennysheep_orc_monster_closet_entryway,
          gauntlet_entry_generic, uniq_josephine
Temple:   nicolae_temple_superstar
Gauntlet: minmay_gauntlet_77_indecision
          [minmay_gauntlet_arena_77_radiant_squares,
          minmay_gauntlet_arena_77_run_for_it,
          minmay_gauntlet_arena_77_chump_sandwich,
          minmay_gauntlet_arena_77_path, minmay_gauntlet_arena_77_hold_the_fort,
          minmay_gauntlet_arena_77_double_cross, gauntlet_exit_hidden_loot]

Skill      XL: |  1  2  3  4  5  6  7  8  9 10 11 12 |
---------------+-------------------------------------+-----
Spellcasting   | 5 6 7 9 11 12 14 16 18 | 18.1
Fighting       | 1 2 3 4 |  4.6
Conjurations   | 2 3 4 6 7 8 9 10 | 10.8
Armour         | 1 2 3 4 |  4.0
Stealth        | 3 |  3.0
Dodging        | 3 |  3.0
Poison Magic   | 1 |  1.0
Air Magic      | 1 |  1.2
Evocations     | 1 |  1.0
Earth Magic    | 1 |  1.0
Fire Magic     | 2 4 6 8 9 |  9.3
Shields        | 2 3 5 |  5.0
Necromancy     | 1 |  1.0
Summonings     | |  1.1
Translocations | |  1.1

Action                   |  1- 3 |  4- 6 |  7- 9 | 10-12 || total
-------------------------+-------+-------+-------+-------++-------
Melee: Dagger            |       |     1 |       |       ||     1
       War axe           |       |    10 |       |       ||    10
       Spear             |       |    23 |   149 |   184 ||   356
       Punch             |       |       |       |     2 ||     2
       Quarterstaff      |       |       |       |    57 ||    57
 Cast: Magic Dart        |    84 |    92 |   122 |    63 ||   361
       Call Imp          |     2 |     4 |     1 |       ||     7
       Mephitic Cloud    |       |    11 |    30 |    47 ||    88
       Stone Arrow       |       |       |    43 |   201 ||   244
       Foxfire           |       |       |       |   212 ||   212
       Blink             |       |       |       |     2 ||     2
  Use: Scroll            |       |       |       |    24 ||    24
 Stab: Confused          |       |     5 |    22 |    29 ||    56
Armor: Robe              |     1 |     3 |     3 |       ||     7
       Leather armour    |       |       |    25 |   115 ||   140
       Swamp dragon scal |       |       |       |    17 ||    17
Dodge: Dodged            |     4 |    27 |    72 |   230 ||   333
Block: Other             |       |       |       |    94 ||    94
       Reflection        |       |       |       |     9 ||     9
       Buckler           |       |       |       |     5 ||     5

Table legend: (Time is in decaauts)
 A = Elapsed time spent in this place.
 B = Non-inter-level travel time spent in this place.
 C = Inter-level travel time spent in this place.
 D = Time resting spent in this place.
 E = Time spent auto-exploring this place.
 F = Levels seen in this place.
 G = Mean time per level.
                   A        B        C        D        E       F      G
               +--------+--------+--------+--------+--------+-----+--------+
         Total |  17350 |  16636 |    714 |    743 |  12951 |  16 | 1084.4 |
       Dungeon |  15621 |  14922 |    699 |    743 |  11774 |  12 | 1301.8 |
        Temple |    112 |     98 |     14 |      0 |     27 |   1 |  112.0 |
       Ossuary |    585 |    585 |      0 |      0 |    502 |   1 |  585.0 |
        Bailey |    484 |    484 |      0 |      0 |    382 |   1 |  484.0 |
      Gauntlet |    547 |    547 |      0 |      0 |    265 |   1 |  547.0 |
               +--------+--------+--------+--------+--------+-----+--------+

Top non-repeatable levels by time:
     D:8: 2444 daAuts
     D:7: 1591 daAuts
     D:6: 1570 daAuts
     D:9: 1554 daAuts
     D:5: 1466 daAuts
     D:3: 1464 daAuts
     D:4: 1313 daAuts
     D:2: 1159 daAuts
    D:11: 1048 daAuts
    D:10: 987 daAuts
     D:1: 979 daAuts
 Ossuary: 585 daAuts
Gauntlet: 547 daAuts
  Bailey: 484 daAuts
  Temple: 112 daAuts
